 Dungeon Crawl Stone Soup version 0.14-a0-2052-gb76ddfe (webtiles) character file.

10846 M4edhros the Thaumaturge (level 11, -4/61 HPs)
             Began as an Octopode Conjurer on Jan 20, 2014.
             Was a Believer of Ashenzari.
             Slain by a minotaur
             ... wielding the cursed -2,-1 flail "Griucvif" {speed, rElec SInv Stlth-}
              (15 damage)
             ... in a labyrinth.
             The game lasted 00:35:29 (11747 turns).

M4edhros the Thaumaturge (Octopode Conjurer)       Turns: 11747, Time: 00:35:29

HP  -4/61        AC  6     Str  7      XL: 11   Next: 60%
MP   3/29        EV 19     Int 22      God: Ashenzari [**....]
Gold 503         SH 11     Dex 12      Spells:  5 memorised, 14 levels left

rFire  + . .     SeeInvis +     p - +9,+6 lance "Wyrmbane" {slay drac, +Rage rPois rF+ AC+5}
rCold  . . .     Clarity  .     R - +0 dwarf buckler
rNeg   . . .     Conserve .     (helmet restricted)
rPois  +         rCorr    .     (no amulet)
rElec  .         rRot     .     a - cursed +5 ring of evasion
SustAb + .       Spirit   .     g - ring of sustain abilities
rMut   .         Warding  .     q - ring of see invisible
Saprov . . .     Stasis   .     r - cursed ring of wizardry
MR     .....                    v - ring of invisibility
                                (no ring)
                                (no ring)
                                (no ring)

@: not resistant to hostile enchantments, quite stealthy
A: almost no armour, amphibious, 8 rings, constrict 8, camouflage 1, gelatinous
body 1
a: Renounce Religion, Evoke Berserk Rage, Evoke Invisibility


You were in a labyrinth.
You worshipped Ashenzari.
Ashenzari was pleased with you.
You were very hungry.

You visited 3 branches of the dungeon, and saw 12 of its levels.
You also visited: Labyrinth and Sewer.

You collected 533 gold pieces.
You spent 30 gold pieces at shops.

Inventory:

Hand weapons
 j - a +0,+3 spear
 p - the cursed +9,+6 lance "Wyrmbane" (weapon) {slay drac, +Rage rPois rF+ AC+5}
   (You found it on level 4 of the Dungeon)

   This legendary weapon is deadly to all dragonkind.
   It affects your AC (+5).
   It protects you from fire.
   It protects you from poison.
   It lets you go berserk.
   It has a curse placed upon it.
Armour
 e - a +0 shield
 R - a +0 dwarven buckler (worn)
Magical devices
 y - a wand of flame (12)
 B - a wand of flame (14)
 H - a wand of frost (2)
 I - a wand of fireball (5)
 P - a wand of lightning (0)
 Q - a wand of random effects (4)
Comestibles
 b - 4 bread rations
 h - 2 chokos
 o - 2 pears
 t - an apple
 C - 4 meat rations
 D - a banana
 J - a snozzcumber
 N - an orange
Scrolls
 d - a scroll of noise
 k - 2 scrolls of enchant weapon II
 m - 7 scrolls of teleportation
 n - a scroll of enchant armour
 s - a scroll of recharging
 w - 4 scrolls of curse jewellery
 E - 2 scrolls of fear {unknown}
 F - 2 scrolls of blinking
 K - 4 scrolls of remove curse
 O - 2 scrolls of identify
Jewellery
 a - a cursed +5 ring of evasion (left tentacle)
 g - a ring of sustain abilities (right tentacle)
 q - a ring of see invisible (on tentacle)
 r - a cursed ring of wizardry (on tentacle)
 u - an uncursed ring of teleportation
 v - a ring of invisibility (on tentacle)
 G - an uncursed amulet of guardian spirit
Potions
 i - 8 potions of curing
 l - 2 potions of heal wounds
 x - a potion of speed
 z - a potion of brilliance
 A - a potion of berserk rage
Books
 c - a book of Conjurations

   Spells                             Type                      Level
   *Magic Dart                        Conjuration                  1
   *Searing Ray                       Conjuration                  2
   Dazzling Spray                     Conjuration/Hexes            3
   *Iskenderun's Mystic Blast         Conjuration                  4
   *Iskenderun's Battlesphere         Conjuration/Charms           4
   *Fulminant Prism                   Conjuration/Hexes            5


   Skills:
 - Level 5.9(8.2) Polearms
 - Level 4.6 Dodging
 - Level 2.6 Stealth
 * Level 6.4 Shields
 - Level 10.4 Spellcasting
 - Level 9.1 Conjurations
 - Level 6.0 Charms


You had 14 spell levels left.
You knew the following spells:

 Your Spells              Type           Power        Failure   Level  Hunger
a - Magic Dart            Conj           ####         1%          1    None
b - Iskenderun's Battles  Conj/Chrm      #####...     1%          4    #......
c - Searing Ray           Conj           ######       1%          2    None
d - Iskenderun's Mystic   Conj           ######..     1%          4    #......
e - Fulminant Prism       Conj/Hex       ####......   11%         5    ###....


Dungeon Overview and Level Annotations

Branches:
Dungeon (9/16)             Temple (1/1) D:7            Lair (2/8) D:9
    Orc: D:9-12

Altars:
Ashenzari
Cheibriados
Dithmengos
Elyvilon
Fedhas
Kikubaaqudgha
Makhleb
Nemelex Xobeh
Okawaru
Sif Muna
Trog
Vehumet
Xom
Yredelemnul
Zin
the Shining One

Shops:
D:5 (   D:7 *

Annotations:
D:4 M4edhros' ghost, experienced OpCj


Innate Abilities, Weirdness & Mutations

You cannot wear most types of armour.
You are amphibious.
You can wear up to eight rings at the same time.
You can use your tentacles to constrict many enemies at once.
Your skin changes colour to match your surroundings (Stlth).
Your rubbery body absorbs attacks (AC +1).


Message History

The minotaur gores your battlesphere!
Your battlesphere is destroyed!
Evoke which item? (* to show all) (? for menu, Esc to quit)
Zapping:
P - a wand of lightning {zapped: 1}
Press: ? - help, Shift-Dir - straight line, p - minotaur You hear a mighty clap of thunder!
The bolt of lightning hits the minotaur.
The minotaur completely resists.
The minotaur is almost dead.
Evoke which item? (* to show all) (? for menu, Esc to quit)
Zapping:
P - a wand of lightning {zapped: 2}
Press: ? - help, Shift-Dir - straight line, f - minotaur
Aim: a minotaur, wielding a brightly glowing flail and carrying a wand of flame {zapped: 12} (magical condensation, almost dead)
You hear a mighty clap of thunder!
The bolt of lightning hits the minotaur.
The minotaur is almost dead.
The minotaur hits you with a brightly glowing flail!
* * * LOW HITPOINT WARNING * * *
The minotaur gores you!
You die...

* * , * , *
* * , * , ,
, * , * ###
* ,,, * ..#
, * *
###.###.###
* * *
...........#
* . ,
#*#####@# *
# ...#.H.#
,, , *
,#.#.### *##
* ,,#.....#
, * , **
###.#.# *#
,* ,,,
#...#,# ,
#### ,
,#.#.#.#.# ,
# . #,
,#.#.#...# .
# #.#.
###.### ##
#*


You could see a minotaur.

Vanquished Creatures
  A hydra (Lair:1)
  The ghost of miro the Thaumaturge, a powerful HECj of Vehumet (Lair:2)
  Pikel (D:6)
  A black mamba (D:9)
  A spiny frog (Lair:1)
  A fire drake (D:9)
  A komodo dragon (Lair:1)
  Prince Ribbit (D:8)
  A wyvern (D:9)
  Eustachio (D:4)
  2 hippogriffs
  A steam dragon (D:9)
  Grum (D:8)
  3 wolves (D:8)
  A hungry ghost (D:8)
  4 sharks (Lair:1)
  A porcupine (Lair:1)
  Menkaure (D:6)
  A necrophage (D:7)
  3 black bears
  3 orc warriors
  A slave (D:6)
  A phantom (D:8)
  2 yellow wasps (D:9)
  3 giant goldfish (Lair:1)
  2 ice beasts
  5 ogres
  4 sky beasts
  2 centaurs (D:8)
  A crocodile (Lair:1)
  Sigmund (D:4)
  Duvessa (D:6)
  2 giant slugs (Lair:1)
  Blork the orc (D:6)
  An agate snail (Lair:1)
  A water moccasin (Lair:1)
  5 giant frogs
  4 wights (D:5)
  2 jellyfish (Lair:1)
  2 electric eels (Lair:1)
  Dowan (D:6)
  A goliath beetle (D:7)
  5 hounds
  A big fish (Lair:1)
  4 jellies (Sewer)
  A centaur skeleton (D:8)
  A giant frog zombie (D:8)
  4 crimson imps
  An iguana (D:7)
  2 orc priests
  3 orc wizards
  3 worker ants
  2 orange rats (D:8)
  3 scorpions
  Terence (D:2)
  A mummy (D:7)
  18 adders
  15 gnolls
  2 giant centipedes
  5 green rats
  A shadow imp (D:5)
  10 giant mites (Sewer)
  2 worms
  A giant centipede zombie (D:5)
  4 grey rats (D:8)
  3 giant eyeballs
  2 oozes
  24 orcs
  18 bats
  2 bat skeletons
  14 goblins
  8 hobgoblins
  4 quokkas
  11 ball pythons
  21 giant cockroaches
  15 giant geckos
  A giant gecko skeleton (D:6)
  12 giant newts
  A giant spore (D:8)
  19 jackals
  15 kobolds
  3 orc zombies
  23 rats
  2 ballistomycetes (D:8)
362 creatures vanquished.

Vanquished Creatures (others)
  2 slaves (D:6)
  An orc wizard (D:6)
  2 fulminant prisms (Lab)
5 creatures vanquished.

Grand Total: 367 creatures vanquished

Notes
Turn   | Place    | Note
--------------------------------------------------------------
     0 | D:1      | M4edhros, the Octopode Conjurer, began the quest for the Orb.
     0 | D:1      | Reached XP level 1. HP: 11/11 MP: 3/3
   246 | D:1      | Reached XP level 2. HP: 13/17 MP: 0/5
   652 | D:2      | Reached XP level 3. HP: 21/21 MP: 0/6
   972 | D:2      | Found a snail-covered altar of Cheibriados.
  1243 | D:2      | Noticed Terence
  1254 | D:2      | HP: 1/21 [Terence/mace (9)]
  1256 | D:2      | Killed Terence
  1256 | D:2      | Reached XP level 4. HP: 1/27 MP: 1/9
  1592 | D:3      | Found a glowing drain.
  1695 | Sewer    | Entered a sewer
  1911 | Sewer    | Reached XP level 5. HP: 31/31 MP: 0/12
  2083 | Sewer    | Reached skill level 5 in Conjurations
  2398 | Sewer    | Reached XP level 6. HP: 34/36 MP: 2/15
  2524 | Sewer    | Reached skill level 5 in Spellcasting
  3005 | Sewer    | Noticed a giant frog
  3010 | Sewer    | Noticed a giant frog
  3012 | Sewer    | Killed a giant frog
  3012 | Sewer    | Reached XP level 7. HP: 41/41 MP: 9/19
  3018 | Sewer    | Killed a giant frog
  3123 | D:3      | Learned a level 4 spell: Iskenderun's Battlesphere
  3126 | D:3      | Learned a level 2 spell: Searing Ray
  3131 | D:3      | Learned a level 4 spell: Iskenderun's Mystic Blast
  3150 | D:3      | Reached skill level 6 in Conjurations
  3692 | D:4      | Noticed Sigmund
  3785 | D:4      | Found a sparkling altar of Nemelex Xobeh.
  3867 | D:4      | Noticed Eustachio
  3875 | D:4      | Killed Eustachio
  3875 | D:4      | Reached skill level 1 in Charms
  3927 | D:4      | Found a shattered altar of Ashenzari.
  3927 | D:4      | Found a basalt altar of Yredelemnul.
  4029 | D:4      | Became a worshipper of Ashenzari the Shackled
  4057 | D:4      | Noticed M4edhros' ghost (experienced OpCj)
  4343 | D:4      | Reached skill level 1 in Polearms
  4343 | D:4      | Reached XP level 8. HP: 46/46 MP: 14/22
  4724 | D:5      | Entered Level 5 of the Dungeon
  4815 | D:5      | Reached skill level 7 in Spellcasting
  4837 | D:5      | Found a shadowy altar of Dithmengos.
  4981 | D:5      | Learned a level 5 spell: Fulminant Prism
  5035 | D:5      | Found Neuplatz's Weapon Shoppe.
  5208 | D:5      | Gained mutation: You are frail (-10% HP). [potion of mutation]
  5208 | D:5      | Gained mutation: You tend to lose your temper in combat. [potion of mutation]
  5208 | D:5      | Gained mutation: Your muscles are strong. (Str +2) [potion of mutation]
  5584 | D:5      | Reached XP level 9. HP: 45/45 MP: 10/24
  5659 | D:6      | Noticed Blork the orc
  5666 | D:6      | Killed Blork the orc
  5729 | D:6      | Noticed Duvessa
  5731 | D:6      | Noticed Dowan
  5735 | D:6      | Killed Duvessa
  5744 | D:6      | Killed Dowan
  5744 | D:6      | Reached skill level 8 in Spellcasting
  5870 | D:6      | Noticed Menkaure
  5887 | D:6      | Killed Menkaure
  6001 | D:6      | Noticed Pikel
  6021 | D:6      | Killed Pikel
  6396 | D:6      | Reached skill level 5 in Charms
  6569 | D:7      | Paralysed by a giant eyeball for 4 turns
  6583 | D:7      | Reached skill level 9 in Spellcasting
  6682 | D:7      | Reached XP level 10. HP: 46/50 MP: 8/27
  7082 | D:7      | Found a glowing silver altar of Zin.
  7266 | D:7      | Found a staircase to the Ecumenical Temple.
  7382 | D:7      | Found Weacw's General Store.
  7391 | D:7      | Bought a scroll of curse jewellery for 30 gold pieces
  7593 | D:8      | Noticed Grum
  7607 | D:8      | Killed Grum
  7754 | D:8      | Reached skill level 5 in Polearms
  8146 | D:8      | Noticed Prince Ribbit
  8149 | D:8      | Killed Prince Ribbit
  8676 | D:9      | Found a staircase to the Lair.
  8679 | D:9      | Reached skill level 10 in Spellcasting
  9029 | D:9      | Acquired Ashenzari's first power
  9042 | D:9      | Reached XP level 11. HP: 54/54 MP: 21/29
  9234 | Lair:1   | Entered Level 1 of the Lair of Beasts
  9705 | D:4      | Killed Sigmund
  9947 | Temple   | Entered the Ecumenical Temple
 10201 | Lair:1   | Noticed a seven-headed hydra
 10212 | Lair:1   | Killed a seven-headed hydra
 10393 | Lair:1   | Lost mutation: You are frail (-10% HP). [potion of cure mutation]
 10393 | Lair:1   | Lost mutation: Your muscles are strong. (Str +2) [potion of cure mutation]
 10393 | Lair:1   | Lost mutation: You tend to lose your temper in combat. [potion of cure mutation]
 10701 | Lair:1   | Reached skill level 5 in Shields
 11346 | Lair:2   | Found a labyrinth entrance.
 11346 | Lair:2   | Noticed miro's ghost (powerful HECj)
 11360 | Lair:2   | Killed miro's ghost
 11372 | Lab      | Entered a labyrinth
 11710 | Lab      | Noticed a minotaur
 11747 | Lab      | Identified the cursed -2,-1 flail "Griucvif" {speed, rElec SInv Stlth-}
 11747 | Lab      | Slain by a minotaur

Action                   |  1- 3 |  4- 6 |  7- 9 | 10-12 || total
-------------------------+-------+-------+-------+-------++-------
Melee: Unarmed           |     1 |       |       |       ||     1
       Spear             |    12 |    23 |     3 |       ||    38
       Lance             |       |       |    42 |   107 ||   149
 Cast: Magic Dart        |    65 |   165 |   212 |   272 ||   714
       Searing Ray       |       |       |    23 |     7 ||    30
       Iskenderun's Batt |       |       |    20 |    38 ||    58
       Iskenderun's Myst |       |       |       |    19 ||    19
       Fulminant Prism   |       |       |       |     2 ||     2
Evoke: Wand              |       |       |     1 |     6 ||     7
  Use: Scroll            |    10 |       |     7 |     6 ||    23
       Potion            |     1 |     5 |     5 |     5 ||    16
 Stab: Sleeping          |       |       |     2 |     2 ||     4
       Distracted        |       |       |       |     1 ||     1
